AoeStats
← CazadorGT

Socotra

505969788Analyzed
3v3 RM · 22d ago on Sep 11, 2026· 19m 12s· 6 players
Game mode
Random Map
Map size
128×128
Population
200
Speed
Normal
Resources
Standard
Victory
Conquest
Starting age
Dark Age
Ending age
Imperial Age
RankedLock teamsTeams togetherTeam positionsShared explorationLock speedFull tech treeHidden civsTurbo modeCheats
Victory
Defeat
🇨🇱 Byzantines · Chile
1137
+12
🇬🇹 Sicilians · Guatemala
1051
+15
🇵🇪 Poles · Peru
1031
+16
🇦🇷 Persians · Argentina
1052
-15
🇦🇷 Ethiopians · Argentina
1048
-15
🇦🇷 Spanish · Argentina
1011
-13
balgarv
6:02 Loom
11:10 Feudal Age
12:28 Double-Bit Axe
15:29 Fletching
MAVERICK
0:51 Loom
12:14 Feudal Age
13:56 Bloodlines
15:01 Double-Bit Axe
15:14 Horse Collar
rstizza
2:22 Loom
9:16 Loom
13:57 Feudal Age
21:09 Castle Age
Squirtle
3:22 Loom
9:42 Feudal Age
13:24 Forging
17:25 Scale Barding Armor
CazadorGT
3:29 Loom
12:06 Feudal Age
12:47 Town Watch
rodolfo casas noten¨o
2:05 Loom
13:07 Feudal Age
Connection lost

Rejoining the realm…

Still unreachable

The connection could not be restored.

Session expired

The server has moved on; the page needs a fresh start.